 Dungeon Crawl Stone Soup version 0.29-a0-275-g389c0b56f3 (webtiles) character file.

Game seed: 3178451384060342982

3664 Dabor the Spear-Bearer (level 10, -1/96 HPs)
             Began as a Tengu Berserker on Mar 12, 2022.
             Was a Priest of Trog.
             Slain by a seven-headed hydra (15 damage)
             ... on level 8 of the Dungeon.
             The game lasted 00:15:41 (8489 turns).

Dabor the Spear-Bearer (Tengu Berserker)            Turns: 8489, Time: 00:15:42

Health: -1/96      AC: 11    Str: 25    XL:     10   Next: 12%
Magic:  11/11      EV: 16    Int:  7    God:    Trog [***...]
Gold:   56         SH:  3    Dex: 14    Spells: 9/9 levels left

rFire   . . .      SeeInvis .   F - +5 hand axe
rCold   . . .      Faith    .   w - +0 buckler
rNeg    . . .      Spirit   .   m - +0 scale mail
rPois   .          Reflect  .   (helmet restricted)
rElec   .          Harm     +   c - scarf {harm}
rCorr   .          Rampage  .   C - +2 pair of gloves {Str+3}
Will    +....                   (boots unavailable)
Stlth   ..........              o - amulet of the acrobat
HPRegen 0.26/turn               t - ring of willpower
MPRegen 0.12/turn               (no ring)

@: berserking, lethally poisoned (-1 -> -3), flying quickly and evasively, very
quick
A: beak, talons 3, nimble flight
a: Renounce Religion, Berserk, Trog's Hand


You were on level 8 of the Dungeon.
You worshipped Trog.
Trog was most pleased with you.
You visited 1 branch of the dungeon, and saw 8 of its levels.

You collected 361 gold pieces.
You spent 305 gold pieces at shops.

Inventory:

Hand Weapons
 a - a +0 spear
 F - a +5 hand axe (weapon)
Missiles
 u - a throwing net
Armour
 c - a scarf of harm (worn)
 m - a +0 scale mail (worn)
 w - a +0 buckler (worn)
 A - a +0 plate armour
 C - a +2 pair of gloves of strength (worn)
Jewellery
 o - an amulet of the acrobat (around neck)
 t - a ring of willpower (left hand)
Wands
 D - a wand of paralysis (9)
Scrolls
 b - a scroll of summoning
 e - a scroll of silence
 g - 3 scrolls of blinking
 k - 5 scrolls of teleportation
 r - a scroll of enchant armour {unknown}
 s - a scroll of noise {unknown}
 v - 2 scrolls of fog {unknown}
 x - a scroll of torment {unknown}
 y - a scroll of magic mapping {unknown}
 B - a scroll of holy word {unknown}
 E - a scroll of amnesia {unknown}
Potions
 d - 2 potions of heal wounds {unknown}
 f - a potion of might {unknown}
 h - 4 potions of lignification {unknown}
 i - 2 potions of ambrosia {unknown}
 j - 4 potions of brilliance {unknown}
 l - 2 potions of haste {unknown}
 n - 3 potions of curing {unknown}
 p - 2 potions of flight {unknown}
 q - a potion of magic {unknown}
 z - 2 potions of berserk rage {unknown}


   Skills:
 * Level 7.8 Fighting
 * Level 8.5 Polearms
 * Level 8.1 Armour
 * Level 8.0 Dodging
 + Level 0.2 Evocations


You had 9 spell levels left.
You didn't know any spells.
Your spell library was empty.

Dungeon Overview and Level Annotations

Branches:
Dungeon (8/15)             Temple (0/1) D:4
   Lair: D:8-11

Altars:

Shops:
D:1 *


Innate Abilities, Weirdness & Mutations

You have a beak for a mouth.
You have claws for feet.
Your magical nature lets you fly swiftly and evasively.


Message History

You hit the killer bee. Your kick misses the killer bee.
The killer bee is lightly wounded.
The killer bee barely misses you. The killer bee stings you.
You are poisoned.
The killer bee poisons you!
The killer bee stings you but does no damage.
You barely miss the killer bee.
You claw the killer bee, but do no damage.
The killer bee is lightly wounded.
You feel sick. The killer bee completely misses you. The killer bee stings you!
You slash the killer bee! Your kick misses the killer bee.
Your peck misses the killer bee.
The killer bee is almost dead.
You feel sick. The killer bee misses you.
A red film seems to cover your vision as you go berserk!
You feel yourself moving faster!
You feel mighty!
You feel sick. The four-headed hydra bites you!
You block the four-headed hydra's attack.
The four-headed hydra bites you but does no damage.
The four-headed hydra barely misses you.
You chop one of the four-headed hydra's heads off!
The three-headed hydra grows two more!
You slash the five-headed hydra!
The five-headed hydra is moderately wounded.
You feel sick.
You block the five-headed hydra's attack.
The five-headed hydra bites you. x4
You hack one of the five-headed hydra's heads off!
The four-headed hydra grows two more!
You slash the six-headed hydra! You peck the six-headed hydra!
The six-headed hydra is heavily wounded.
You feel sick.
You slice one of the six-headed hydra's heads off!
The five-headed hydra grows two more!
You slash the seven-headed hydra!
The seven-headed hydra is heavily wounded.
The seven-headed hydra bites you! x2
* * * LOW HITPOINT WARNING * * *
The seven-headed hydra bites you.
* * * LOW HITPOINT WARNING * * *
The seven-headed hydra bites you!
You die... #.## .#..# .#.# .## ### (.# #.. #.. lz.

###.# # #..##y### ...# #
#.#D##.# ..# #
####@#...####.# #
#.......#.##..# #
#.#..###.[..#.# #
.........##.##.#######
#...(...................
#..$.....######.........
########## ######....
####. ##


You could see a seven-headed hydra, a wyvern, a killer bee and a wight.

Vanquished Creatures
  A two-headed ogre (D:6)
  A shadow (D:7)
  2 wyverns (D:7)
  A steam dragon (D:4)
  3 ice beasts
  An orc warrior (D:5)
  A sky beast (D:7)
  A centaur (D:5)
  2 ogres
  The ghost of iamserjio the Changer, an amateur OpTm (D:3)
  A kobold brigand (D:7)
  A necrophage (D:5)
  5 scorpions
  3 bullfrogs
  3 wights (D:8)
  4 howler monkeys (D:7)
  A crimson imp (D:4)
  A jelly (D:6)
  2 hounds
  2 orc priests
  A gnoll shaman (D:4)
  5 iguanas
  Terence (D:2)
  9 orc wizards
  7 gnolls
  2 adders
  3 shadow imps
  A white imp (D:4)
  2 ufetubi
  2 worms
  2 dart slugs (D:1)
  20 orcs
  12 ball pythons
  7 endoplasms
  3 giant cockroaches
  6 goblins
  4 hobgoblins
  3 jackals
  14 kobolds
  A quokka (D:3)
  6 bats
  14 frilled lizards
  7 rats
169 creatures vanquished.

Vanquished Creatures (others)
  5 plants (D:1)
5 creatures vanquished.

Grand Total: 174 creatures vanquished

Notes
Turn   | Place    | Note
-------+----------+-------------------------------------------
     0 | D:1      | Dabor the Tengu Berserker began the quest for the Orb.
     0 | D:1      | Reached XP level 1. HP: 14/14 MP: 2/2
   176 | D:1      | Reached XP level 2. HP: 19/19 MP: 3/3
   608 | D:1      | Found Hiniet's General Store.
   628 | D:1      | Reached ** piety under Trog
   629 | D:1      | Reached XP level 3. HP: 16/23 MP: 4/4
   729 | D:1      | Found a faded altar of an unknown god.
  1283 | D:1      | Bought a scroll of identify for 26 gold pieces
  1569 | D:2      | Noticed Terence
  1580 | D:2      | Killed Terence
  1581 | D:2      | Reached XP level 4. HP: 28/28 MP: 5/5
  2244 | D:3      | Noticed a scorpion
  2251 | D:3      | Killed a scorpion
  2252 | D:3      | Gained mutation: Your magical nature lets you fly swiftly
                  | and evasively. [Tengu growth]
  2252 | D:3      | Reached XP level 5. HP: 30/33 MP: 6/6
  2704 | D:3      | Reached XP level 6. HP: 16/38 MP: 7/7
  3034 | D:3      | Found a runed translucent door.
  3035 | D:3      | Noticed iamserjio's ghost (amateur OpTm)
  3206 | D:3      | Killed iamserjio's ghost
  3299 | D:4      | Reached skill level 5 in Polearms
  3327 | D:4      | Reached XP level 7. HP: 20/44 MP: 8/8
  3559 | D:4      | Found a staircase to the Ecumenical Temple.
  3609 | D:4      | Reached *** piety under Trog
  3907 | D:4      | Noticed a steam dragon
  3922 | D:4      | Killed a steam dragon
  3923 | D:4      | Reached skill level 5 in Fighting
  3923 | D:4      | Reached skill level 5 in Armour
  4527 | D:5      | Entered Level 5 of the Dungeon
  4743 | D:5      | Reached skill level 5 in Dodging
  4743 | D:5      | Reached XP level 8. HP: 49/49 MP: 9/9
  6112 | D:6      | Noticed a two-headed ogre
  6123 | D:6      | Killed a two-headed ogre
  6124 | D:6      | Reached XP level 9. HP: 56/56 MP: 10/10
  7754 | D:1      | Bought a +2 pair of gloves of strength for 279 gold pieces
  8096 | D:7      | Reached XP level 10. HP: 21/64 MP: 11/11
  8477 | D:8      | Noticed a four-headed hydra
  8489 | D:8      | Slain by a seven-headed hydra

Illustrated notes

Levels and vault maps discovered:
D:1:      sevenhm_arrival_forest_fort_large_2, layout_basic,
          shapermc_ecumenical_altar_pompeii, serial_shops, shop,
          minmay_misc_feat_pillars, minmay_lizard_king
D:2:      layout_rooms, uniq_terence
D:3:      minmay_chambers_of_threes, layout_basic,
          ebering_ghost_reflecting_pool, minmay_ruptured
D:4:      layout_basic, minmay_temple_entry_sparse_star, kennysheep_path_1,
          minmay_fire_ice_demons
D:5:      layout_basic
D:6:      layout_basic
D:7:      layout_basic, st_stairs_6, corexii_leaking_fountain
D:8:      layout_cave_pools, mainiacjoe_overflow_cross_hatched,
          lair_entry_dummy, hex_tiny, grunt_ministairs_5,
          minmay_shattered_shrine

Skill      XL: |  1  2  3  4  5  6  7  8  9 10 |
---------------+-------------------------------+-----
Polearms       | 4 5 7 8 |  8.5
Armour         | 3 4 5 6 7 8 |  8.1
Dodging        | 3 4 5 6 7 8 |  8.0
Fighting       | 4 5 6 7 |  7.8
Evocations     | |  0.2

Action                   |  1- 3 |  4- 6 |  7- 9 | 10-12 || total
-------------------------+-------+-------+-------+-------++-------
Melee: Spear             |   108 |   124 |   324 |    10 ||   566
       Kick              |    12 |    26 |    89 |     5 ||   132
       Peck              |    12 |    14 |    69 |     6 ||   101
       Punch             |       |     1 |     1 |       ||     2
       Hand axe          |       |       |       |    12 ||    12
Invok: Berserk           |     1 |     3 |     8 |     1 ||    13
       Trog's Hand       |       |     2 |     4 |       ||     6
  Use: Scroll            |     2 |       |     2 |       ||     4
 Stab: Sleeping          |     1 |       |       |       ||     1
Armor: Animal skin       |     6 |       |       |       ||     6
       Ring mail         |     5 |     1 |       |       ||     6
       Scale mail        |       |    24 |    54 |     2 ||    80
Dodge: Dodged            |    26 |    52 |   149 |    11 ||   238
Block: Buckler           |       |       |    28 |     4 ||    32

Table legend: (Time is in decaauts)
 A = Elapsed time spent in this place.
 B = Non-inter-level travel time spent in this place.
 C = Inter-level travel time spent in this place.
 D = Time resting spent in this place.
 E = Time spent auto-exploring this place.
 F = Levels seen in this place.
 G = Mean time per level.
                   A        B        C        D        E       F      G
               +--------+--------+--------+--------+--------+-----+--------+
         Total |   8176 |   7301 |    875 |     49 |   6019 |   8 | 1022.0 |
       Dungeon |   8176 |   7301 |    875 |     49 |   6019 |   8 | 1022.0 |
               +--------+--------+--------+--------+--------+-----+--------+

Top non-repeatable levels by time:
     D:3: 1423 daAuts
     D:1: 1378 daAuts
     D:4: 1310 daAuts
     D:7: 1272 daAuts
     D:5: 1082 daAuts
     D:6: 932 daAuts
     D:2: 666 daAuts
     D:8: 110 daAuts
